Map: Cyber Forest LE

Players

DisK - Winner!

  • Race: Protoss Protoss
  • League: Master
  • Spawn Location: 11:00

VOD

Have the link to the VOD?

Description

Time

  • Played on: June 9, 2019, 6:02 p.m.
  • Length: 11:25
Show
View Real Time Build Order
Export as new Build Order

DisK Protoss - Winner!

Build Orders: 1 Gate Expand, Oracle Opening, Archon Immortal 

Get SALT Encoding   

  12  0:02  Probe  
  12  0:14  Probe  
  12  0:20  Pylon  
  12  0:26  Probe  
  12  0:36  Probe  
  12  0:41  Gateway  
  12  0:44  Probe  
  12  0:49  Assimilator  
  12  0:54  Probe  
  12  1:06  Probe  
  12  1:18  Probe  
  12  1:28  Nexus  
  12  1:30  Probe  
  12  1:38  Cybernetics Core  
  12  1:43  Probe  
  12  1:47  Assimilator  
  12  1:55  Pylon  
  12  1:56  Probe  
  12  2:04  Adept  
  12  2:13  Probe  
  12  2:18  Stargate  
  12  2:25  Probe, Adept  
  12  2:27  Warp Gate  
  12  2:36  Probe  
  12  2:40  Probe  
  12  2:44  Probe  
  12  2:52  Probe  
  12  2:54  Adept  
  12  2:57  Probe  
  12  3:04  Oracle, Probe  
  12  3:10  Probe  
  12  3:16  Gateway  
  12  3:18  Probe  
  12  3:25  Gateway  
  12  3:28  Probe  
  12  3:30  Probe  
  12  3:31  Pylon  
  12  3:39  Oracle  
  12  3:40  Probe  
  12  3:42  Probe  
  12  3:50  Assimilator  
  12  3:52  Assimilator  
  12  3:53  Probe  
  12  3:54  Probe  
  12  3:56  Pylon  
  12  4:06  Probe x2  
  12  4:07  Pylon  
  12  4:08  Oracle  
  12  4:16  Adept x2  
  12  4:19  Adept  
  12  4:25  Probe  
  12  4:26  Pylon  
  12  4:31  Robotics Facility, Probe  
  12  4:38  Adept x2  
  12  4:42  Adept  
  12  4:51  Probe x2  
  12  4:53  Twilight Council  
  12  5:07  Pylon, Probe x2  
  12  5:10  Immortal  
  12  5:17  Charge  
  12  5:24  Pylon  
  12  5:25  Sentry x2  
  12  5:29  Nexus  
  12  5:32  Pylon  
  12  5:36  Sentry  
  12  5:41  Probe x2  
  12  5:49  Immortal, Templar Archives  
  12  5:50  Forge  
  12  5:56  Probe  
  12  6:05  Zealot x2  
  12  6:13  Gateway  
  12  6:15  Gateway  
  12  6:19  Gateway  
  12  6:20  Protoss Ground Weapons Level 1  
  12  6:25  Psionic Storm  
  12  6:34  Warp Prism  
  12  6:36  Probe  
  12  6:38  Probe  
  12  6:42  Probe  
  12  6:48  Pylon, High Templar, Probe  
  12  6:51  Probe  
  12  6:52  Zealot, High Templar  
  12  6:53  Probe  
  12  7:00  Probe x2  
  12  7:06  Probe  
  12  7:07  Assimilator, High Templar  
  12  7:09  Assimilator  
  12  7:12  Probe  
  12  7:18  Immortal  
  12  7:21  Gateway  
  12  7:22  Gateway  
  12  7:24  Pylon  
  12  7:25  Probe  
  12  7:26  Probe  
  12  7:31  High Templar  
  12  7:37  Pylon, Probe  
  12  7:38  Pylon, Probe  
  12  7:42  Probe  
  12  7:46  Pylon  
  12  7:48  Immortal  
  12  7:49  High Templar x2  
  12  7:50  Probe x2  
  12  7:53  Archon  
  12  7:55  Zealot x3  
  12  8:13  High Templar  
  12  8:14  Protoss Ground Weapons Level 2  
  12  8:16  High Templar  
  12  8:18  Nexus  
  12  8:20  Pylon, Immortal  
  12  8:21  Archon  
  12  8:23  Pylon  
  12  8:33  Assimilator  
  12  8:35  Photon Cannon  
  12  8:37  Photon Cannon  
  12  8:38  Assimilator  
  12  8:39  Photon Cannon  
  12  8:44  Photon Cannon  
  12  8:47  High Templar  
  12  8:48  Zealot, High Templar  
  12  8:49  Zealot  
  12  8:51  Probe x2  
  12  8:52  Archon  
  12  8:53  Probe  
  12  9:00  Pylon  
  12  9:04  Robotics Facility, Observer  
  12  9:05  Pylon  
  12  9:15  Gateway x2  
  12  9:20  Blink  
  12  9:21  Zealot  
  12  9:22  Zealot  
  12  9:26  Immortal  
  12  9:36  Photon Cannon  
  12  9:38  Photon Cannon  
  12  9:39  Shield Battery  
  12  9:42  High Templar  
  12  9:43  High Templar  
  12  9:46  High Templar  
  12  9:47  High Templar  
  12  9:48  Archon  
  12  9:50  Immortal  
  12  9:53  Archon  
  12  9:56  Zealot x4  
  12  10:06  Pylon  
  12  10:14  Stargate  
  12  10:18  Pylon, Fleet Beacon  
  12  10:20  Dark Shrine  
  12  10:33  Zealot x3  
  12  10:46  Observer  
  12  10:54  Nexus  
  12  10:57  Pylon  
  12  11:00  Assimilator  
  12  11:04  Assimilator, High Templar  
  12  11:07  Pylon  
Tags
 
Add a new tag
Caveats
  • Supply blocks, unpowered buildings, or Contaminate may cause inaccurate times.
  • Supply counts are checked every 10 seconds.